 Dungeon Crawl Stone Soup version 0.22.1-1-ga44c0e5 (webtiles) character file.

181890 tifemel the Severer (level 17, -1/243 HPs)
             Began as a Minotaur Berserker on Sept 26, 2018.
             Was the Champion of Trog.
             Slain by a thorn hunter (7 damage)
             ... on level 4 of the Swamp.
             The game lasted 02:25:33 (31974 turns).

tifemel the Severer (Minotaur Berserker)           Turns: 31974, Time: 02:25:34

Health: -1/243     AC: 30    Str: 31    XL:     17   Next: 34%
Magic:  10/16      EV:  9    Int:  4    God:    Trog [******]
Gold:   2208       SH:  0    Dex: 13    Spells: 16/16 levels left

rFire    . . .     SeeInvis .   S - +1 executioner's axe (freeze)
rCold    . . .     Gourm    .   (shield currently unavailable)
rNeg     . . .     Faith    .   w - +2 plate armour {MR+}
rPois    +         Spirit   .   r - +2 hat
rElec    .         Reflect  .   Z - +2 cloak
rCorr    .         Harm     .   H - +1 pair of gloves
MR       ++...                  d - +1 pair of boots
Stlth    ..........             (no amulet)
HPRegen  0.50/turn              M - +6 ring of slaying
MPRegen  0.15/turn              m - ring of poison resistance

@: berserking (expiring), starving, slow
A: retaliatory headbutt, horns 2
}: 1/15 runes: decaying
a: Berserk, Trog's Hand, Brothers in Arms, Renounce Religion


You were on level 4 of the Swamp.
You worshipped Trog.
Trog was exalted by your worship.
You were starving.

You visited 6 branches of the dungeon, and saw 29 of its levels.
You also visited: Labyrinth, Sewer, Ossuary and Volcano.

You collected 2999 gold pieces.
You spent 791 gold pieces at shops.

Inventory:

Hand Weapons
 q - the +2 longbow "Vasyili" {freeze, rF+ rC+ MP-9 Stlth+}
   (You bought it in a shop on level 11 of the Dungeon)

   It causes projectiles fired from it to freeze those they strike, causing
   extra injury to most foes and up to half again as much damage against
   particularly susceptible opponents.
   They can also slow down cold-blooded creatures.
   It protects you from fire.
   It protects you from cold.
   It affects your magic capacity (-9).
   It makes you more stealthy.
 B - a +1 battleaxe of electrocution
 S - a +1 executioner's axe of freezing (weapon)
 T - the +6 battleaxe of Trog's Approval {flame, rF- Int+5 Dex+6}
   (Trog gifted it to you on level 14 of the Dungeon)

   It has been specially enchanted to burn those struck by it, causing extra
   injury to most foes and up to half again as much damage against particularly
   susceptible opponents.
   Big, fiery blades are also staple armaments of hydra-hunters.
   It affects your intelligence (+5).
   It affects your dexterity (+6).
   It makes you vulnerable to fire.
Missiles
 n - 671 arrows
Armour
 d - a +1 pair of boots (worn)
 r - a +2 hat (worn)
 w - a +2 plate armour of magic resistance (worn)
 z - +0 swamp dragon scales
 H - a +1 pair of gloves (worn)
 Z - a +2 cloak (worn)
Jewellery
 m - a ring of poison resistance (right hand)
 M - a +6 ring of slaying (left hand)
 U - an uncursed ring of protection from magic
 X - an uncursed ring of magical power {unknown}
Wands
 u - a wand of digging (17)
 A - a wand of random effects (41)
 F - a wand of scattershot (6)
 Q - a wand of flame (25)
Scrolls
 b - a scroll of silence {unknown}
 f - 7 scrolls of magic mapping
 k - 21 scrolls of teleportation
 l - 2 scrolls of brand weapon
 o - 10 scrolls of fear
 p - 17 scrolls of remove curse
 x - 7 scrolls of amnesia
 C - 6 scrolls of fog
 D - 2 scrolls of immolation
 E - 2 scrolls of identify
 J - 4 scrolls of enchant weapon
 N - 4 scrolls of enchant armour
 P - 2 scrolls of summoning
 R - a scroll of holy word
 W - 4 scrolls of blinking
Potions
 a - 3 potions of brilliance
 e - 14 potions of curing
 g - a potion of mutation {unknown}
 h - 7 potions of heal wounds
 i - 3 potions of magic
 j - 6 potions of might
 s - 3 potions of lignification
 t - 2 potions of berserk rage
 v - 4 potions of agility
 G - 4 potions of resistance
 I - 4 potions of haste
 K - a potion of ambrosia {unknown}
 L - 3 potions of flight
 O - 2 potions of cancellation
 V - a potion of invisibility {unknown}
Miscellaneous
 y - a fan of gales
Comestibles
 c - 46 rations


   Skills:
 + Level 17.4 Fighting
 - Level 20.1 Axes
 * Level 17.5 Bows
 + Level 16.0 Armour
 - Level 2.1 Dodging


You had 16 spell levels left.
You didn't know any spells.
Your spell library was empty.

Dungeon Overview and Level Annotations

Branches:
Dungeon (15/15)            Temple (0/1) D:4            Lair (6/6) D:9
  Swamp (4/4) Lair:3        Snake (1/4) Lair:2        Slime (0/5) Lair:6
    Orc (2/2) D:12            Elf (1/3) Orc:2        Vaults (0/5) D:14
 Depths (0/5) D:15

Altars:
Ashenzari
Cheibriados
Dithmenos
Fedhas
Gozag
Kikubaaqudgha
Nemelex Xobeh
Qazlal
Ru
Vehumet
Wu Jian
Xom
The Shining One
Jiyva

Shops:
D:4 *   D:7 (}=*   D:11 (   D:14 :   Orc:1 :   Orc:2 (*}[   Elf:1 [

Annotations:
Lair:5 3 runed doors, Huigg's ghost, journeyman GrFi


Innate Abilities, Weirdness & Mutations

You reflexively headbutt those who attack you in melee.
You have a pair of horns on your head.


Message History

Thorny briars emerge from the ground!
Your unstable footing causes you to fumble your attack.
The thorn hunter hits you but does no damage.
The thorn hunter hits you!
* * * LOW HITPOINT WARNING * * *
Your unstable footing causes you to fumble your attack.
The thorn hunter hits you but does no damage.
The thorn hunter closely misses you.
You hit the thorn hunter. You freeze the thorn hunter.
You headbutt the thorn hunter, but do no damage.
The thorn hunter is almost destroyed.
The thorn hunter hits you but does no damage. x2
Your unstable footing causes you to fumble your attack.
The briar patch crumbles away.
Your unstable footing causes you to fumble your attack.
The thorn hunter gestures.
Thorny briars emerge from the ground!
Your unstable footing causes you to fumble your attack.
The thorn hunter hits you!
You die...

≈≈≈.≈.♣ ♣♣♣♣ ♣♣≈.≈♣♣
####### ≈≈...♣♣
♣♣..≈≈≈♣♣♣♣♣♣ ...♣♣♣
♣♣≈≈≈≈≈≈♣≈≈♣≈♣♣♣
..♣♣
♣.≈≈≈≈.≈≈≈≈≈≈≈.♣ ≈♣♣
♣.≈≈≈≈.≈♣.≈≈§.♣♣ ♣♣
≈ ♣♣...≈.♣♣≈^≈..≈♣
♣..♣♣♣♣♣≈≈..P♣♣....♣
§≈≈≈$≈♣♣♣♣≈.P♣♣♣♣♣♣♣
≈≈≈≈..f@≈.♣♣♣≈♣
.≈≈≈≈.†.≈≈♣ ♣♣♣
<.≈≈≈.≈♣♣♣♣ ..≈≈≈≈♣
♣..≈≈≈ ♣♣.≈≈≈ ♣♣≈≈
♣♣♣


You could see a thorn hunter.

Vanquished Creatures
  Rupert (Lair:3)
  4 thorn hunters (Swamp:3)
  A very ugly thing (Swamp:3)
  Nessos (D:14)
  A minotaur (Lab)
  A red draconian (Volcano)
  An ogre mage (D:15)
  A fire dragon (Lair:6)
  Josephine (D:14)
  A naga warrior (Lair:2)
  4 ghost crabs
  25 hydras
  Erolcha (Orc:1)
  A catoblepas (Lair:5)
  An anaconda (Swamp:1)
  7 two-headed ogres
  14 alligators
  7 centaur warriors
  3 dancing weapons
  2 tengu warriors
  3 orc high priests (Orc:2)
  12 spriggans
  Nergalle (Lair:3)
  The ghost of MalarOregon the Fighter, a novice MiBe of Trog (D:8)
  A spriggan berserker (Swamp:4)
  A shadow wraith (D:14)
  A fire crab (Lair:6)
  An unseen horror (D:14)
  13 swamp dragons
  6 shambling mangroves
  A spriggan druid (Swamp:3)
  3 wizards (D:15)
  5 orc knights
  3 lindwurms
  3 oklob plants (Lair:6)
  A necromancer (D:15)
  8 ugly things
  4 orc sorcerers (Orc:2)
  3 deep elf magi
  2 cyclopes
  4 elephants
  2 manticores
  13 black mambas
  3 centaur zombies
  28 spiny frogs
  A torpor snail (Lair:6)
  4 molten gargoyles
  Psyche (D:8)
  2 centaur skeletons (D:15)
  A gargoyle (D:14)
  9 komodo dragons
  An efreet (D:15)
  A kobold demonologist (D:15)
  5 yaktaurs
  2 rime drakes
  3 tengu conjurers
  A queen bee (D:14)
  3 wolf spider simulacra (D:15)
  5 trolls
  A polar bear (Lair:5)
  3 meliai (D:14)
  6 tyrant leeches
  28 hornets
  Prince Ribbit (D:5)
  18 blink frogs
  Grinder (D:3)
  25 slime creatures
  8 hippogriffs
  14 bog bodies
  7 shadows
  2 redbacks (Lab)
  3 hogs (D:8)
  6 wraiths
  A human (D:8)
  6 fire bats (Volcano)
  2 water elementals (D:14)
  3 wyverns
  39 yaks
  A vampire (D:14)
  10 basilisks
  3 steam dragons (Lair:6)
  15 vampire mosquitoes
  5 hungry ghosts
  11 insubstantial wisps
  Menkaure (Ossuary)
  13 swamp worms
  A warg (D:12)
  A naga (Lair:2)
  24 water moccasins
  4 hell hounds (Lair:6)
  An acid dragon (D:13)
  7 porcupines
  12 swamp drakes
  4 ice beasts
  18 orc warriors
  2 sky beasts
  5 necrophages
  4 phantoms
  24 centaurs
  4 boggarts (D:13)
  11 ogres
  22 crocodiles
  18 bullfrogs
  11 scorpions
  5 wights (D:6)
  22 killer bees (D:14)
  A troll skeleton (Lab)
  2 electric eels
  9 lava snakes
  A quasit (D:13)
  4 bullfrog skeletons
  3 crimson imps
  7 hounds
  A gnoll shaman (D:4)
  A jelly (D:11)
  15 orc priests
  2 iguanas
  18 orc wizards
  Terence (D:3)
  12 worker ants
  An ogre skeleton (Lab)
  A hound zombie (D:6)
  2 hound skeletons
  3 mummies (Ossuary)
  5 worker ant zombies
  12 gnolls
  14 adders
  2 river rats (Sewer)
  A shadow imp (D:14)
  An ooze (D:5)
  An adder skeleton (D:8)
  6 worms
  2 dart slugs
  4 leopard geckos
  74 orcs
  10 ball pythons
  4 bats
  6 giant cockroaches
  7 goblins
  8 hobgoblins
  15 jackals
  3 quokkas
  14 frilled lizards
  A giant cockroach zombie (D:6)
  2 gnoll skeletons (Ossuary)
  A gnoll zombie (Ossuary)
  3 goblin skeletons (Ossuary)
  4 goblin zombies (Ossuary)
  3 hobgoblin zombies (Ossuary)
  4 kobolds
  2 kobold skeletons (Ossuary)
  3 kobold zombies (Ossuary)
  A leopard gecko zombie (D:6)
  3 orc skeletons (Ossuary)
  3 orc zombies (Ossuary)
  2 quokka skeletons
  A quokka zombie (D:8)
  22 rats
  A rat skeleton (Ossuary)
  2 rat zombies (Ossuary)
  3 bushes
  3 fungi
  8 plants
1018 creatures vanquished.

Vanquished Creatures (others)
  A black mamba (Lair:6)
  An insubstantial wisp (Swamp:4)
  2 goblin zombies (Ossuary)
  5 hobgoblin skeletons (Ossuary)
  2 hobgoblin zombies (Ossuary)
  3 kobold skeletons (Ossuary)
  3 kobold zombies (Ossuary)
  4 orc skeletons (Ossuary)
  An orc zombie (Ossuary)
  2 rat skeletons (Ossuary)
  A rat zombie (Ossuary)
  6 fungi (Lair:6)
  25 plants
56 creatures vanquished.

Grand Total: 1074 creatures vanquished

Notes
Turn   | Place    | Note
-------+----------+-------------------------------------------
     0 | D:1      | tifemel the Minotaur Berserker began the quest for the Orb.
     0 | D:1      | Reached XP level 1. HP: 19/19 MP: 0/0
   110 | D:1      | Reached skill level 4 in Axes
   110 | D:1      | Reached XP level 2. HP: 19/27 MP: 1/1
   730 | D:2      | Reached ** piety under Trog
   731 | D:2      | Reached XP level 3. HP: 32/33 MP: 2/2
  1039 | D:2      | Found a glowing golden altar of the Shining One.
  1438 | D:3      | Reached XP level 4. HP: 41/41 MP: 3/3
  1464 | D:3      | Reached skill level 5 in Axes
  1507 | D:3      | Noticed Terence
  1518 | D:3      | Killed Terence
  1564 | D:3      | Reached XP level 5. HP: 43/47 MP: 4/4
  1979 | D:3      | Noticed Grinder
  1985 | D:3      | Killed Grinder
  1985 | D:3      | Reached skill level 5 in Fighting
  1985 | D:3      | Reached skill level 6 in Axes
  1985 | D:3      | Reached XP level 6. HP: 49/56 MP: 5/5
  2003 | D:4      | Found Sogedwis's General Store.
  2008 | D:4      | Found a staircase to the Ecumenical Temple.
  2032 | D:4      | Reached skill level 7 in Axes
  2032 | D:4      | Reached skill level 5 in Armour
  2264 | D:4      | Reached *** piety under Trog
  2264 | D:4      | Reached XP level 7. HP: 61/61 MP: 6/6
  2501 | D:4      | Reached skill level 8 in Axes
  2834 | D:5      | Entered Level 5 of the Dungeon
  3047 | D:5      | Reached skill level 9 in Axes
  3047 | D:5      | Reached XP level 8. HP: 64/70 MP: 7/7
  3147 | D:5      | Found a sacrificial altar of Ru.
  3500 | D:5      | Reached **** piety under Trog
  3674 | D:5      | Noticed Prince Ribbit
  3686 | D:5      | Killed Prince Ribbit
  3686 | D:5      | Reached skill level 10 in Axes
  4093 | D:6      | Reached XP level 9. HP: 75/79 MP: 8/8
  4139 | D:6      | Found a glowing drain.
  4142 | D:6      | Reached skill level 11 in Axes
  4153 | Sewer    | Entered a sewer
  4275 | Sewer    | Reached ***** piety under Trog
  4786 | D:6      | Found an opulent altar of Gozag.
  4868 | D:6      | Found a blossoming altar of Fedhas.
  5166 | D:7      | Received a gift from Trog
  5178 | D:7      | Found Dupoany's Assorted Antiques.
  5256 | D:7      | Found Wikliman's Jewellery Boutique.
  5395 | D:7      | Reached skill level 12 in Axes
  5430 | D:7      | Found a sand-covered staircase.
  5435 | Ossuary  | Entered an ossuary
  5738 | Ossuary  | Noticed Menkaure
  5746 | Ossuary  | Killed Menkaure
  5820 | D:7      | Found a radiant altar of Vehumet.
  5823 | D:7      | Found a shattered altar of Ashenzari.
  5832 | D:7      | Found a sacrificial altar of Ru.
  6063 | D:7      | Found Nulo's Gadget Boutique.
  6067 | D:7      | Found Juotrom's Antique Weapon Shop.
  6216 | D:8      | Found a runed door.
  6216 | D:8      | Found a shimmering altar of Xom.
  6216 | D:8      | Noticed MalarOregon's ghost (novice MiBe)
  6217 | D:8      | Noticed a short sword of chaos
  6237 | D:8      | Found an ancient bone altar of Kikubaaqudgha.
  6238 | D:8      | Found a stormy altar of Qazlal.
  6238 | D:8      | Found a snail-covered altar of Cheibriados.
  6238 | D:8      | Found a shadowy altar of Dithmenos.
  6296 | D:8      | Got a crystal trident
  6315 | D:8      | Noticed a two-headed ogre
  6315 | D:8      | Noticed Psyche
  6323 | D:8      | Killed a two-headed ogre
  6323 | D:8      | Reached skill level 13 in Axes
  6323 | D:8      | Reached XP level 10. HP: 78/90 MP: 3/9
  6326 | D:8      | Killed Psyche
  6452 | D:8      | Received a gift from Trog
  6692 | D:8      | Noticed a two-headed ogre
  6698 | D:8      | Killed a two-headed ogre
  6698 | D:8      | Reached skill level 14 in Axes
  6703 | D:8      | Killed a short sword of chaos
  6852 | D:8      | Killed MalarOregon's ghost
  7109 | D:9      | Reached skill level 10 in Armour
  7153 | D:9      | Found a sparkling altar of Nemelex Xobeh.
  7195 | D:9      | Reached XP level 11. HP: 99/99 MP: 3/10
  7198 | D:9      | Found an ornate altar of the Wu Jian Council.
  7265 | D:9      | Reached skill level 15 in Axes
  7299 | D:9      | Found a staircase to the Lair.
  7593 | D:10     | Entered Level 10 of the Dungeon
  8147 | D:10     | Reached skill level 10 in Fighting
  8197 | Lair:1   | Entered Level 1 of the Lair of Beasts
  8211 | Lair:1   | Identified the +1 trident "Qunanlam" {freeze, rPois} (You
                  | found it on level 8 of the Dungeon)
  9140 | Lair:1   | Noticed a seven-headed hydra
  9145 | Lair:1   | Killed a nine-headed hydra
  9373 | Lair:1   | Reached skill level 16 in Axes
  9876 | Lair:2   | Received a gift from Trog
  9912 | Lair:2   | Got a shimmering whip
  9947 | Lair:2   | Reached XP level 12. HP: 93/110 MP: 11/11
 10157 | Lair:2   | Reached skill level 17 in Axes
 10180 | Lair:2   | Found a staircase to the Snake Pit.
 11014 | Lair:3   | Noticed Rupert
 11022 | Lair:3   | Killed Rupert
 11022 | Lair:3   | Reached skill level 18 in Axes
 11386 | Lair:3   | Noticed a six-headed hydra
 11390 | Lair:3   | Killed a nine-headed hydra
 11584 | Lair:3   | Noticed Nergalle
 11592 | Lair:3   | Killed Nergalle
 11800 | Lair:3   | Found a staircase to the Swamp.
 12394 | Lair:4   | Reached XP level 13. HP: 112/119 MP: 12/12
 13087 | Lair:4   | Received a gift from Trog
 13095 | Lair:4   | Identified the +5 whip "Goblinslayer" {elec, rC+ Str+3}
                  | (You found it on level 2 of the Lair of Beasts)
 13232 | Lair:5   | Found a runed gate.
 13232 | Lair:5   | Found a runed gate.
 13590 | Lair:5   | Reached skill level 19 in Axes
 13729 | Lair:5   | Found a runed gate.
 14040 | Lair:5   | Noticed Huigg's ghost (journeyman GrFi)
 14158 | Lair:6   | Entered Level 6 of the Lair of Beasts
 14258 | Lair:6   | Found a labyrinth entrance.
 14268 | Lab      | Entered a labyrinth
 14508 | Lab      | Noticed a minotaur
 14520 | Lab      | Killed a minotaur
 14525 | Lab      | Got a jewelled dagger {pierce}
 14525 | Lab      | Got a translucent plate armour
 14576 | Lab      | Identified Ypuemis's Tome of Orientation
 14578 | Lab      | Identified the Collected Works on the Oath
 14602 | Lab      | Identified the cursed +1 plate armour of Gullazxi {Dex+6}
                  | (You took it off a minotaur in a labyrinth)
 14633 | Lab      | Identified the +10 dagger "Ampaxtos" {pierce, rPois rN+
                  | Stlth+} (You took it off a minotaur in a labyrinth)
 15232 | Lair:6   | Found a large runed door.
 15232 | Lair:6   | Noticed a fire dragon
 15573 | Lair:6   | Found a large runed door.
 15680 | Lair:6   | Killed a fire dragon
 15922 | Lair:6   | Reached XP level 14. HP: 117/132 MP: 4/13
 16178 | Lair:6   | Reached skill level 20 in Axes
 16213 | Lair:6   | Reached ****** piety under Trog
 16264 | Lair:6   | Found a viscous altar of Jiyva.
 16264 | Lair:6   | Found a staircase to the Slime Pits.
 17213 | D:11     | Reached skill level 1 in Bows
 17241 | D:11     | Found Digosmedgh's Antique Weapon Boutique.
 17252 | D:11     | Received a gift from Trog
 17283 | D:11     | Bought a jewelled shortbow for 232 gold pieces
 17283 | D:11     | Bought a fine longbow for 275 gold pieces
 17283 | D:11     | Identified the +4 shortbow of Qiuck {velocity, rElec MR-
                  | Dex+2} (You bought it in a shop on level 11 of the Dungeon)
 17284 | D:11     | Identified the cursed +2 longbow "Vasyili" {freeze, rF+ rC+
                  | MP-9 Stlth+} (You bought it in a shop on level 11 of the
                  | Dungeon)
 17668 | D:12     | Found a staircase to the Orcish Mines.
 17783 | D:12     | Paralysed by a hornet for 3 turns
 18382 | D:13     | Reached skill level 5 in Bows
 18874 | D:13     | Reached skill level 15 in Fighting
 19339 | D:14     | Found Heixt's Book Shop.
 19365 | D:14     | Received a gift from Trog
 19366 | D:14     | Got an encrusted battleaxe {god gift}
 19407 | D:14     | Lost intelligence.
 19407 | D:14     | Identified the +8 battleaxe "Somaew" {venom, rPois Int-5
                  | Dex+6} (Trog gifted it to you on level 14 of the Dungeon)
 19443 | D:14     | Found a shimmering altar of Xom.
 19453 | D:14     | Found a shimmering altar of Xom.
 19453 | D:14     | Found a shimmering altar of Xom.
 19453 | D:14     | Found a shimmering altar of Xom.
 19454 | D:14     | Found a shimmering altar of Xom.
 19470 | D:14     | Noticed Josephine
 19482 | D:14     | Killed Josephine
 19775 | D:14     | Noticed Nessos
 19786 | D:14     | Killed Nessos
 20557 | D:14     | Reached XP level 15. HP: 141/141 MP: 14/14
 20585 | D:14     | Received a gift from Trog
 20586 | D:14     | Got a crystal battleaxe {god gift}
 20781 | D:14     | Identified the +6 battleaxe of Trog's Approval {flame, rF-
                  | Int+5 Dex+6} (Trog gifted it to you on level 14 of the
                  | Dungeon)
 20785 | D:14     | Got a pitted silver ring
 20788 | D:14     | Identified the ring of Wuosmyto {*Corrode MP+9 Str+3 Dex+5
                  | Stlth+} (You took it off a centaur on level 14 of the
                  | Dungeon)
 20829 | D:14     | Found a gate to the Vaults.
 21288 | D:15     | Entered Level 15 of the Dungeon
 21456 | D:15     | Reached skill level 10 in Bows
 22242 | D:15     | Found a staircase to the Depths.
 22535 | Orc:1    | Entered Level 1 of the Orcish Mines
 22564 | Orc:1    | Noticed Erolcha
 22567 | Orc:1    | Killed Erolcha
 22576 | Orc:1    | Found a dark tunnel.
 22601 | Volcano  | Entered a volcano
 22732 | Volcano  | Found a radiant altar of Vehumet.
 23064 | Orc:1    | Reached skill level 15 in Armour
 23448 | Orc:1    | Found Qotuq's Book Shop.
 23683 | Orc:2    | Entered Level 2 of the Orcish Mines
 23683 | Orc:2    | Found a staircase to the Elven Halls.
 23801 | Orc:2    | Received a gift from Trog
 23937 | Orc:2    | Received a gift from Trog
 24060 | Orc:2    | Received a gift from Trog
 24900 | Orc:2    | Found Enod's Weapon Shop.
 24900 | Orc:2    | Found Exil's General Store.
 24907 | Orc:2    | Found Egynu's Armour Shoppe.
 24907 | Orc:2    | Found Udynwodi's Gadget Shop.
 25332 | Elf:1    | Entered Level 1 of the Elven Halls
 25347 | Elf:1    | Found Ziuheluq's Armour Shoppe.
 25868 | D:7      | Bought a scroll labeled ENIFUBBEROD for 24 gold pieces
 25933 | D:7      | Bought an uncursed ring of poison resistance for 260 gold
                  | pieces
 26039 | Snake:1  | Entered Level 1 of the Snake Pit
 26210 | Swamp:1  | Entered Level 1 of the Swamp
 26408 | Swamp:1  | Reached XP level 16. HP: 129/151 MP: 6/15
 28000 | Swamp:2  | Received a gift from Trog
 28181 | Swamp:2  | Reached skill level 15 in Bows
 29264 | Swamp:3  | Noticed a thorn hunter
 29280 | Swamp:3  | Killed a thorn hunter
 29317 | Swamp:3  | Noticed a thorn hunter
 29323 | Swamp:3  | Killed a thorn hunter
 29461 | Swamp:3  | Noticed a thorn hunter
 29468 | Swamp:3  | Killed a thorn hunter
 29644 | Swamp:3  | Noticed a thorn hunter
 29651 | Swamp:3  | Killed a thorn hunter
 30657 | Swamp:4  | Entered Level 4 of the Swamp
 30697 | Swamp:4  | Received a gift from Trog
 30707 | Swamp:4  | Reached XP level 17. HP: 142/161 MP: 12/16
 30882 | Swamp:4  | Received a gift from Trog
 31494 | Swamp:4  | Got a decaying rune of Zot
 31636 | Swamp:4  | Received a gift from Trog
 31805 | Swamp:4  | Received a gift from Trog
 31969 | Swamp:4  | HP: 4/243 [thorn hunter (11)]
 31974 | Swamp:4  | Slain by a thorn hunter

Skill      XL: |  1  2  3  4  5  6  7  8  9 10 11 12 13 14 15 16 17 |
---------------+----------------------------------------------------+-----
Axes           | 4 5 6 7 9 10 13 14 16 18 19 20 | 20.1
Fighting       | 4 5 7 8 9 11 12 14 15 16 17 | 17.4
Armour         | 3 4 5 6 7 9 10 11 12 14 15 16 | 16.0
Bows           | 9 13 16 17 | 17.5
Dodging        | |  2.1

Action                   |  1- 3 |  4- 6 |  7- 9 | 10-12 | 13-15 | 16-18 || total
-------------------------+-------+-------+-------+-------+-------+-------++-------
Melee: Hand axe          |   109 |    94 |   376 |       |       |       ||   579
       Headbutt          |    15 |    20 |    80 |    83 |   137 |    33 ||   368
       Battleaxe         |       |       |    31 |   218 |   258 |       ||   507
       Broad axe         |       |       |       |   153 |    26 |       ||   179
       Executioner's axe |       |       |       |       |   256 |   139 ||   395
       Shortbow          |       |       |       |       |     1 |       ||     1
 Fire: Shortbow          |       |       |       |       |   341 |       ||   341
       Longbow           |       |       |       |       |   231 |   474 ||   705
Invok: Berserk           |       |       |     2 |     3 |     2 |     1 ||     8
       Trog's Hand       |       |       |     1 |     1 |     2 |     1 ||     5
  Use: Scroll            |       |       |     5 |     9 |    15 |       ||    29
       Potion            |       |       |       |       |     4 |       ||     4
  Eat: Chunk             |     1 |     3 |    11 |    22 |    25 |     7 ||    69
       Ration            |       |       |     2 |     1 |     7 |     3 ||    13
Armor: Ring mail         |    37 |     7 |       |       |       |       ||    44
       Animal skin       |     1 |       |       |       |       |       ||     1
       Chain mail        |       |    20 |   167 |    29 |       |       ||   216
       Plate armour      |       |       |       |   191 |   562 |   308 ||  1061
       Skin              |       |       |       |     2 |       |       ||     2
Dodge: Dodged            |    58 |    43 |   134 |   123 |   305 |   140 ||   803
